 Dungeon Crawl Stone Soup version 0.19.0-11-g3fc08b3 (webtiles) character file.

39 Stormleaks the Vexing (level 3, -5/21 HPs)
             Began as a Kobold Arcane Marksman on Nov 9, 2016.
             Slain by Sigmund
             ... wielding a +0 scythe
              (6 damage)
             ... on level 2 of the Dungeon.
             The game lasted 00:10:28 (1912 turns).

Stormleaks the Vexing (Kobold Arcane Marksman)      Turns: 1912, Time: 00:10:29

Health: -5/21      AC:  2    Str:  8    XL:     3   Next: 70%
Magic:  2/4        EV: 15    Int: 14    God:
Gold:   83         SH:  0    Dex: 15    Spells: 2 memorised, 1 level left

rFire  . . .     SeeInvis .     a - +0 hand crossbow
rCold  . . .     Gourm    .     e - +0 robe
rNeg   . . .     Faith    .     (shield restricted)
rPois  .         Spirit   .     (no helmet)
rElec  .         Reflect  .     (no cloak)
rCorr  .         Harm     .     (no gloves)
MR     .....                    (no boots)
Stlth  ++........               (no amulet)
                                (no ring)
                                (no ring)

@: no status effects
A: carnivore 3
a: no special abilities


You were on level 2 of the Dungeon.
You were not hungry.

You visited 1 branch of the dungeon, and saw 2 of its levels.

You collected 83 gold pieces.

Inventory:

Hand Weapons
 a - a +0 hand crossbow (weapon)
Missiles
 d - 8 bolts (quivered)
Armour
 e - a +0 robe (worn)
Jewellery
 m - a cursed -3 ring of intelligence {unknown}
Scrolls
 b - a scroll of teleportation {unknown}
 h - 2 scrolls of enchant weapon {unknown}
 j - a scroll of amnesia {unknown}
 k - a scroll of identify {unknown}
 l - a scroll of random uselessness {unknown}
Potions
 f - a potion of haste {unknown}
 g - 2 potions of curing {unknown}
 i - a potion of invisibility {unknown}
 n - a potion of brilliance {unknown}
Books
 c - a book of Debilitation

   Spells                             Type                      Level
   a - Corona                         Hexes                        1
   b - Slow                           Hexes                        2
   c - Gell's Gravitas                Hexes/Translocation          3
   d - Inner Flame                    Hexes/Fire                   3
   e - Cause Fear                     Hexes                        4
   f - Leda's Liquefaction            Hexes/Earth                  4


   Skills:
 + Level 1.7 Fighting
 + Level 3.2 Crossbows
 + Level 2.5 Dodging
 + Level 0.8 Stealth
 + Level 1.2 Spellcasting
 + Level 3.5 Hexes


You had one spell level left.
You knew the following spells:

 Your Spells              Type           Power        Failure   Level  Hunger
a - Corona                Hex            ##.....      10%         1    ##.....
b - Slow                  Hex            ##......     12%         2    ###....


Dungeon Overview and Level Annotations

Branches:
Dungeon (2/15)

Altars:
Gozag
Sif Muna

Annotations:
D:2 Sigmund


Innate Abilities, Weirdness & Mutations

You are small and have problems with some larger weapons.
You are carnivorous and can eat meat at any time.


Message History

Sigmund mumbles some strange words.
Sigmund flickers and vanishes!
Deactivating autopickup; reactivate with Ctrl-A.
Something hits you. Something closely misses you.
You stop sporulating.
Your +0 hand crossbow unmelds from your body.
Your +0 robe unmelds from your body.
Firing (i - inventory):
d - 8 bolts (quivered)
Press: ? - help, Shift-Dir - straight line, f - you Really target yourself?
Okay, then.
Something hits you but does no damage. Something closely misses you.
Things that are here:
a bolt; 4 large rocks Something hits you!
* * * LOW HITPOINT WARNING * * *
Something hits you.
You die...

#....#######
...#.......#
#############
...#######.#
#####............. ...#
#.#####......########.##
...# #>...........# #.#
...# ######.......# #.#
...# #..###..# #.## ...#
#.{# ... #... ...# #.@#
# ###. ...### #..# ###.
...#.## #..# .......#
...##.## #..# ###.###.
#'####.### #.(# #.##..
#_# ##..# ####..###
#.##.. ### ##.#.#
#.......# #.##..
#.###.##.# #.##..#.#
#.##.. ##.#.###.#
#.##..#.# #.##..


There were no monsters in sight!

Vanquished Creatures
  2 oozes (D:1)
  A leopard gecko (D:1)
  2 giant cockroaches (D:1)
  6 hobgoblins (D:1)
  A ball python (D:2)
  4 bats (D:2)
  3 frilled lizards
  A goblin (D:1)
  6 kobolds
  5 rats
31 creatures vanquished.

Notes
Turn   | Place    | Note
-------+----------+-------------------------------------------
     0 | D:1      | Stormleaks the Kobold Arcane Marksman began the quest for the Orb.
     0 | D:1      | Reached XP level 1. HP: 12/12 MP: 2/2
   273 | D:1      | Reached XP level 2. HP: 2/16 MP: 3/3
   777 | D:1      | Learned a level 2 spell: Slow
   831 | D:1      | Reached XP level 3. HP: 20/20 MP: 4/4
  1256 | D:2      | Found an opulent altar of Gozag.
  1675 | D:2      | Noticed Sigmund
  1855 | D:2      | Found a deep blue altar of Sif Muna.
  1911 | D:2      | HP: 1/21 [something (8)]
  1912 | D:2      | Slain by Sigmund

Skill      XL: |  1  2  3 |
---------------+----------+-----
Crossbows      | 3 |  3.2
Fighting       | |  1.7
Dodging        | |  2.5
Stealth        | |  0.8
Spellcasting   | |  1.2
Hexes          | |  3.5

Action                   || total
-------------------------++-------
Melee: Unarmed           ||     6
 Fire: Hand crossbow     ||   105
 Cast: Slow              ||     9
  Eat: Meat ration       ||     1
Armor: Robe              ||     6
       Skin              ||     2
Dodge: Dodged            ||    60
